 Dungeon Crawl Stone Soup version 0.27-a0-1191-g601b473118 (webtiles) character file.

Game seed: 8362024186660435413

7 Zeld the Chopper (level 1, 0/28 HPs)
             Began as a Minotaur Berserker on May 23, 2021.
             Was a Follower of Trog.
             Slain by a frilled lizard (2 damage)
             ... on level 1 of the Dungeon.
             The game lasted 00:00:54 (80 turns).

Zeld the Chopper (Minotaur Berserker)                 Turns: 80, Time: 00:00:55

Health: 0/28       AC:  0    Str: 21    XL:     1   Next: 83%
Magic:  0/0        EV: 12    Int:  4    God:    Trog [*.....]
Gold:   0          SH:  0    Dex:  9    Spells: 0/0 levels left

rFire    . . .     SeeInvis .   a - +0 hand axe
rCold    . . .     Faith    .   (no shield)
rNeg     . . .     Spirit   .   (no armour)
rPois    .         Reflect  .   (helmet restricted)
rElec    .         Harm     .   (no cloak)
rCorr    .         Rampage  .   (no gloves)
Will     .....                  (no boots)
Stlth    ..........             (no amulet)
HPRegen  0.09/turn              (no ring)
MPRegen  0.07/turn              (no ring)

@: berserking (expiring), very quick
A: horns 2, retaliatory headbutt
a: Renounce Religion, Berserk


You were on level 1 of the Dungeon.
You worshipped Trog.
Trog was aware of your devotion.
You visited 1 branch of the dungeon, and saw 1 of its levels.

Inventory:

Hand Weapons
 a - a +0 hand axe (weapon)


   Skills:
 - Level 3.6 Fighting
 * Level 4.2 Axes
 - Level 2.4 Armour
 - Level 2.1 Dodging


You couldn't memorise any spells.
You didn't know any spells.
Your spell library was empty.

Dungeon Overview and Level Annotations

Branches:
Dungeon (1/15)

Altars:

Shops:
D:1 *


Innate Abilities, Weirdness & Mutations

You have a pair of horns on your head.
You reflexively headbutt those who attack you in melee.


Message History

A frilled lizard comes into view.
The frilled lizard hisses angrily.
A frilled lizard comes into view.
You barely miss the hobgoblin. The hobgoblin barely misses you.
You closely miss the hobgoblin.
The frilled lizard hisses angrily.
A frilled lizard comes into view.
The hobgoblin hits you.
You are too injured to fight recklessly!
You hit the hobgoblin. You headbutt the hobgoblin.
You kill the hobgoblin!
Trog accepts your kill.
You barely miss the endoplasm. The endoplasm freezes you.
You are frozen.
* * * LOW HITPOINT WARNING * * *
The endoplasm hits you.
* * * LOW HITPOINT WARNING * * *
Your Axes skill increases to level 4!
You see here 4 curare-tipped darts.
A red film seems to cover your vision as you go berserk!
You feel yourself moving faster!
You feel mighty! The frilled lizard closely misses you.
You hit the frilled lizard.
You kill the frilled lizard!
Trog accepts your kill.
You slash the endoplasm!
You kill the endoplasm!
Trog accepts your kill. The frilled lizard closely misses you.
Things that are here:
4 curare-tipped darts; a frilled lizard corpse You hit the frilled lizard.
You kill the frilled lizard!
Trog accepts your kill.
A frilled lizard comes into view.
A frilled lizard comes into view.
The frilled lizard hisses angrily.
The frilled lizard bites you.
You die...

.. #..#####.# #
#.##......... .##
............ ..#
#........... #.#
#........... #.#
#........... #.#
#...†....... ##.##
#$...†.l.... ....#
#.@......... ##.>#
#(#l....l... #..##
#.########.#
#...##########.#######
#
#.....................
##########.....#######
#......# #......#
#......#


You could see 3 frilled lizards.

Vanquished Creatures
  2 endoplasms (D:1)
  A hobgoblin (D:1)
  A quokka (D:1)
  2 frilled lizards (D:1)
6 creatures vanquished.

Vanquished Creatures (others)
  6 plants (D:1)
6 creatures vanquished.

Grand Total: 12 creatures vanquished

Notes
Turn   | Place    | Note
-------+----------+-------------------------------------------
     0 | D:1      | Zeld the Minotaur Berserker began the quest for the Orb.
     0 | D:1      | Reached XP level 1. HP: 19/19 MP: 0/0
    23 | D:1      | Found Ligupn's Assorted Antiques.
    71 | D:1      | Reached skill level 4 in Axes
    80 | D:1      | Slain by a frilled lizard

Illustrated notes

Levels and vault maps discovered:
D:1:      beargit_arrival_diablo_church, layout_rooms, serial_shops, shop,
          minmay_misc_feat_ornament, minmay_lizard_king

Skill      XL: |  1 |
---------------+----+-----
Axes           | 4 |  4.2
Fighting       | |  3.6
Armour         | |  2.4
Dodging        | |  2.1

Action                   || total
-------------------------++-------
Melee: Hand axe          ||    11
       Headbutt          ||     1
Invok: Berserk           ||     1
Dodge: Dodged            ||     6

Table legend: (Time is in decaauts)
 A = Elapsed time spent in this place.
 B = Non-inter-level travel time spent in this place.
 C = Inter-level travel time spent in this place.
 D = Time resting spent in this place.
 E = Time spent auto-exploring this place.
 F = Levels seen in this place.
 G = Mean time per level.
                   A        B        C        D        E       F      G
               +--------+--------+--------+--------+--------+-----+--------+
         Total |     79 |     79 |      0 |      0 |     51 |   1 |   79.0 |
       Dungeon |     79 |     79 |      0 |      0 |     51 |   1 |   79.0 |
               +--------+--------+--------+--------+--------+-----+--------+

Top non-repeatable levels by time:
     D:1: 79 daAuts
